 Dungeon Crawl Stone Soup version 0.22-a0-368-g870eee8 (webtiles) character file.

925 tilp the Chiller (level 8, -2/58 HPs)
             Began as a Merfolk Ice Elementalist on Apr 23, 2018.
             Slain by Menkaure (9 damage)
             ... on level 5 of the Dungeon.
             The game lasted 00:19:27 (5088 turns).

tilp the Chiller (Merfolk Ice Elementalist)         Turns: 5088, Time: 00:19:28

Health: -2/58      AC: 12    Str:  8    XL:     8   Next: 10%
Magic:  9/11       EV: 15    Int: 16    God:
Gold:   113        SH:  5    Dex: 15    Spells: 5/11 levels left

rFire    . . .     SeeInvis .   l - +1 hunting sling (flame)
rCold    . . .     Gourm    .   f - +0 buckler
rNeg     . . .     Faith    .   i - +0 leather armour (curse)
rPois    .         Spirit   .   y - +0 helmet
rElec    .         Reflect  .   (no cloak)
rCorr    .         Harm     .   e - +0 pair of gloves (curse)
MR       .....                  d - +0 pair of boots
Stlth    ++........             (no amulet)
HPRegen  0.19/turn              (no ring)
MPRegen  0.12/turn              (no ring)

@: icy armour
A: change form in water, swift swim, stealthy swim
a: no special abilities


You were on level 5 of the Dungeon.
You were near starving.

You visited 2 branches of the dungeon, and saw 6 of its levels.

You collected 113 gold pieces.

Inventory:

Hand Weapons
 k - a +0 dagger
 l - a +1 hunting sling of flaming (weapon)
Missiles
 b - 61 stones (quivered)
Armour
 a - a +0 robe
 d - a +0 pair of boots (worn)
 e - a cursed +0 pair of gloves (worn)
 f - a +0 buckler (worn)
 i - a cursed +0 leather armour (worn)
 y - a +0 helmet (worn)
Scrolls
 j - 2 scrolls of teleportation
 m - a scroll of blinking {unknown}
 o - a scroll of identify {unknown}
 p - a scroll of magic mapping {unknown}
 r - a scroll of fog {unknown}
 s - a scroll of fear {unknown}
 u - a scroll of immolation {unknown}
 x - a scroll of enchant weapon {unknown}
 C - a scroll of remove curse {unknown}
Potions
 h - 2 potions of lignification {unknown}
 n - 2 potions of heal wounds {unknown}
 q - a potion of brilliance {unknown}
 t - 2 potions of flight {unknown}
 w - a potion of might {unknown}
 z - a potion of mutation {unknown}
 A - a potion of berserk rage {unknown}
 B - a potion of haste {unknown}
Comestibles
 c - 3 rations


   Skills:
 - Level 3.0 Fighting
 - Level 6.2 Dodging
 - Level 2.1 Stealth
 - Level 4.1 Shields
 - Level 2.0 Spellcasting
 - Level 0.7 Conjurations
 + Level 1.2 Charms
 - Level 7.0 Ice Magic


You had 5 spell levels left.
You knew the following spells:

 Your Spells              Type           Power        Failure   Level  Hunger
a - Freeze                Ice            ###.         1%          1    #......
b - Throw Frost           Conj/Ice       ##....       10%         2    ###....
c - Ozocubu's Armour      Chrm/Ice       ##......     17%         3    ###....


Dungeon Overview and Level Annotations

Branches:
Dungeon (5/15)             Temple (1/1) D:5

Altars:
Ashenzari
Dithmenos
Fedhas
Hepliaklqana
Kikubaaqudgha
Nemelex Xobeh
Ru
Sif Muna
Trog
Vehumet
Xom
Yredelemnul
The Shining One

Annotations:
D:4 exclusion: phantom, p0werm0de's ghost, amateur DDFi
D:5 Menkaure; Sigmund


Message History

You shoot a sling bullet. The sling bullet hits Menkaure.
The sling bullet burns Menkaure.
Menkaure is almost destroyed.
Menkaure calls on the powers of darkness!
Your body is wracked with pain!
* * * LOW HITPOINT WARNING * * *
The phantom hits you.
* * * LOW HITPOINT WARNING * * *
Firing (i - inventory)
b - 62 stones (quivered)
Press: ? - help, Shift-Dir - straight line, f/p - Menkaure
Aim: Menkaure (almost destroyed, fast)
You shoot a stone.
The stone hits Menkaure but does no damage.
Menkaure is almost destroyed.
The phantom hits you!
* * * LOW HITPOINT WARNING * * *
The phantom blinks!
Unknown command.
You feel better. Menkaure hits you!
You die...

#############..
#.ยง@M((W.((....
#.######......#
.# #.#
.......... #.#
.%...##..# #.#
#...###..## #.#
#.## ...## #.#
#.### .... #.#
#.##?##.##.
#.###
#.#.....F..


You could see a phantom and Menkaure.

Vanquished Creatures
  2 sky beasts (D:5)
  A centaur (D:5)
  3 scorpions (D:4)
  A howler monkey (D:4)
  A crimson imp (D:5)
  An orc priest (D:4)
  5 orc wizards
  A bullfrog skeleton (D:4)
  5 worker ants
  3 adders
  An ooze (D:2)
  An adder zombie (D:5)
  An adder skeleton (D:4)
  A worm (D:2)
  A dart slug (D:2)
  2 leopard geckos
  12 orcs
  2 ball pythons (D:3)
  5 bats (D:2)
  4 giant cockroaches
  10 goblins
  7 hobgoblins
  4 jackals (D:4)
  5 frilled lizards
  A jackal skeleton (D:4)
  7 kobolds
  6 rats
93 creatures vanquished.

Notes
Turn   | Place    | Note
-------+----------+-------------------------------------------
     0 | D:1      | tilp the Merfolk Ice Elementalist began the quest for the Orb.
     0 | D:1      | Reached XP level 1. HP: 13/13 MP: 3/3
   576 | D:1      | Reached XP level 2. HP: 19/19 MP: 3/5
   580 | D:1      | Learned a level 2 spell: Throw Frost
   837 | D:1      | Reached skill level 4 in Ice Magic
  1186 | D:2      | Found a sacrificial altar of Ru.
  1316 | D:2      | Reached XP level 3. HP: 17/24 MP: 3/6
  1321 | D:2      | Learned a level 3 spell: Ozocubu's Armour
  1564 | D:2      | Reached skill level 5 in Ice Magic
  1570 | D:2      | Found a glowing golden altar of the Shining One.
  1956 | D:3      | Reached XP level 4. HP: 30/30 MP: 7/7
  1958 | D:3      | Noticed Sigmund
  2253 | D:3      | Reached skill level 6 in Ice Magic
  2253 | D:3      | Reached XP level 5. HP: 24/35 MP: 4/8
  2513 | D:3      | Found a sparkling altar of Nemelex Xobeh.
  2604 | D:4      | Reached skill level 7 in Ice Magic
  2608 | D:4      | Noticed p0werm0de's ghost (amateur DDFi)
  2670 | D:4      | Reached XP level 6. HP: 44/44 MP: 5/9
  2846 | D:4      | Reached skill level 1 in Shields
  3068 | D:4      | Noticed a phantom
  3756 | D:4      | Reached XP level 7. HP: 41/52 MP: 6/10
  4002 | D:5      | Entered Level 5 of the Dungeon
  4255 | D:5      | Noticed Menkaure
  4338 | D:5      | Reached skill level 5 in Dodging
  4615 | D:5      | Found a staircase to the Ecumenical Temple.
  4624 | Temple   | Entered the Ecumenical Temple
  4886 | D:5      | Reached XP level 8. HP: 58/58 MP: 5/11
  4947 | D:5      | Reached skill level 1 in Charms
  5087 | D:5      | HP: 2/58 [phantom (7)]
  5088 | D:5      | Slain by Menkaure

Vault maps used:
D:1:      minmay_arrival_solitary_statue, serial_co_window_serial,
          co_window_of_opportunity_a, co_window_of_opportunity_a,
          co_window_corner_a, co_window_paths_b, co_window_paths_a,
          co_window_broadway_b, co_window_corner_ca, co_window_unsneaky_path_e,
          co_window_paths_d, minmay_misc_feat_columns
D:2:      old_standard_altar, nrook_uturn, nicolae_ru_sacrificial_ziggurat
D:3:      lemuel_crystal_altar, uniq_sigmund
D:4:      serial_shops, nicolae_shop_overgrown_old_shop
D:5:      minmay_temple_entry_poolview, first_ration, minmay_small_thing,
          uniq_menkaure
Temple:   dpeg_chambers_temple

Skill      XL: |  1  2  3  4  5  6  7  8 |
---------------+-------------------------+-----
Ice Magic      | 4 5 6 7 |  7.0
Fighting       | 2 3 |  3.0
Shields        | 3 4 |  4.1
Dodging        | 6 |  6.2
Charms         | 1 |  1.2
Stealth        | |  2.1
Spellcasting   | |  2.0
Conjurations   | |  0.7

Action                   |  1- 3 |  4- 6 |  7- 9 || total
-------------------------+-------+-------+-------++-------
Melee: Short sword       |     1 |       |       ||     1
       Hunting sling     |       |     7 |       ||     7
 Fire: Hunting sling     |    42 |    78 |    52 ||   172
Throw: Stone             |    10 |       |       ||    10
 Cast: Freeze            |    26 |    50 |    20 ||    96
       Throw Frost       |     3 |       |       ||     3
       Ozocubu's Armour  |       |     1 |     7 ||     8
  Use: Potion            |       |     1 |     1 ||     2
       Scroll            |       |       |     2 ||     2
  Eat: Chunk             |     4 |     6 |     4 ||    14
Armor: Leather armour    |     5 |    15 |    18 ||    38
Dodge: Dodged            |     8 |    33 |    36 ||    77
Block: Buckler           |       |       |     4 ||     4

Table legend:
 A = Spawn XP
 B = Non-spawn XP
 C = Spawn XP percentage of total XP
 D = Spawn monster count
 E = Non-spawn monster count
 F = Spawn count percentage of total count
 G = Total turns spent on level
                    A         B        C        D         E        F      G
               +---------+---------+-------+---------+---------+-------+---------
         Total |       0 |    1322 |   0.0 |       0 |      93 |   0.0 |  5088
               +---------+---------+-------+---------+---------+-------+---------
           D:1 |       0 |      21 |   0.0 |       0 |      14 |   0.0 |  1162
           D:2 |       0 |      55 |   0.0 |       0 |      20 |   0.0 |   806
           D:3 |       0 |     129 |   0.0 |       0 |      22 |   0.0 |   812
           D:4 |       0 |     602 |   0.0 |       0 |      28 |   0.0 |  1322
           D:5 |       0 |     515 |   0.0 |       0 |       9 |   0.0 |   744
               +---------+---------+-------+---------+---------+-------+---------
